 Dungeon Crawl Stone Soup version 0.26.1-11-gd32895ea62 (webtiles) character file.

Game seed: 9226849424139446629

55 Descartes the Sneak (level 3, 0/17 HPs)
             Began as a Felid Wanderer on May 1, 2021.
             Killed by divine providence
             ... invoked by an orc priest
              (9 damage)
             ... on level 3 of the Dungeon.
             The game lasted 00:03:16 (2567 turns).

Descartes the Sneak (Felid Wanderer)                Turns: 2567, Time: 00:03:17

Health: 0/17       AC:  1    Str:  7    XL:     3   Next: 67%
Magic:  7/7        EV: 18    Int: 13    God:
Gold:   69         SH:  0    Dex: 17    Spells: 5/6 levels left
                                        Lives:  0   Deaths: 1

rFire    . . .     SeeInvis +     - Unarmed
rCold    . . .     Faith    .   (shield unavailable)
rNeg     . . .     Spirit   .   (armour unavailable)
rPois    .         Reflect  .   (helmet unavailable)
rElec    .         Harm     .   (cloak unavailable)
rCorr    .         Rampage  .   (gloves unavailable)
Will     .....                  (boots unavailable)
Stlth    +++.......             (no amulet)
HPRegen  0.05/turn              (no ring)
MPRegen  0.10/turn              (no ring)

@: quick
A: very small, no armour, no weapons or thrown items, stealth, claws 1, fangs 3,
see invisible, speed 1, shaggy fur 1, sharp paws
a: no special abilities


You were on level 3 of the Dungeon.
You visited 1 branch of the dungeon, and saw 3 of its levels.

You collected 69 gold pieces.

Inventory:

Missiles
 e - 6 stones
 g - 50 arrows
Wands
 a - a wand of enslavement (15)
Scrolls
 b - a scroll of fear {unknown}
 h - a scroll of amnesia {unknown}
 i - a scroll of random uselessness {unknown}
 k - 3 scrolls of identify {unknown}
Potions
 c - a potion of flight {unknown}
 d - a potion of brilliance {unknown}
 f - 2 potions of heal wounds {unknown}
 j - 2 potions of might {unknown}
 l - 2 potions of haste


   Skills:
 - Level 3.0 Fighting
 + Level 2.5 Dodging
 * Level 4.7 Stealth
 + Level 2.9 Unarmed Combat
 - Level 2.0 Spellcasting
 - Level 1.0 Ice Magic
 - Level 1.1 Evocations


You had 5 spell levels left.
You knew the following spells:

 Your Spells              Type           Power        Failure   Level
a - Freeze                Ice            12%          17%         1

Your spell library contained the following spells:

 Spells                   Type           Power        Failure   Level
 Ozocubu's Armour         Ice            3%           45%         3


Dungeon Overview and Level Annotations

Branches:
Dungeon (3/15)

Altars:
Vehumet

Annotations:
D:1 Terence
D:2 Natasha, Sigmund


Innate Abilities, Weirdness & Mutations

You cannot wear armour.
You are incapable of wielding weapons or throwing items.
Your paws allow you to move quietly. (Stealth)
You have sharp claws.
You have razor-sharp teeth.
You have supernaturally acute eyesight. (SInv)
You cover ground quickly.
You are covered in fur. (AC +1)
Your sharp claws are effective at attacking unaware monsters.


Message History

You closely miss the rat.
The rat is heavily wounded.
The rat closely misses you.
You scratch the rat.
You kill the rat!
No target in view!
No target in view!
No target in view!
No target in view!
You now have 69 gold pieces (gained 8).
An orc wizard comes into view. It is wielding a +0 dagger.
A hobgoblin comes into view.
It is wielding a +0 club. 2 orcs and an orc priest come into view.
The orc wizard points at you and mumbles some strange words.
The magic dart hits you!
The orc shouts!
The orc priest calls down the wrath of Beogh upon you.
Beogh smites you!
Ouch! That really hurt!
You die...

#.# #.# #.o# #.# ###..#
#.# #.# ....o# #.#
#.#.##o..# #.#
#######.#.##...# #.#
#.........##...# #.#
#.#####.####.o.######.#
#.# #.#.....@.......#
#.# #.#g##..........#
#.# #.# #######.##.#
###.# #.# #.##.# ....#
#.# ..##.#######.#
###.# #.#
##.##.......... ..###
#.# #.##..######.# #.#
#.# ######.##..######
..# #.#
#.#..#............#


You could see an orc priest, an orc wizard, 2 orcs and a hobgoblin (wandering).

Vanquished Creatures
  Natasha (twice) (D:2)
  An adder (D:2)
  An ooze (D:2)
  3 dart slugs
  A leopard gecko (D:1)
  3 bats
  2 giant cockroaches
  5 goblins
  5 hobgoblins
  3 jackals (D:2)
  6 kobolds
  A ball python (D:3)
  2 frilled lizards
  4 rats
39 creatures vanquished.

Vanquished Creatures (others)
  6 plants (D:1)
6 creatures vanquished.

Grand Total: 45 creatures vanquished

Notes
Turn   | Place    | Note
-------+----------+-------------------------------------------
     0 | D:1      | Descartes the Felid Wanderer began the quest for the Orb.
     0 | D:1      | Descartes set off with the following items: a wand of
                  | enslavement (15), a potion of curing; and the following
                  | spell memorised: Freeze; and the following spells available
                  | to memorise: Ozocubu's Armour
     0 | D:1      | Reached XP level 1. HP: 10/10 MP: 4/4
   146 | D:1      | Reached skill level 2 in Stealth
   247 | D:1      | Reached skill level 1 in Dodging
   247 | D:1      | Reached XP level 2. HP: 11/14 MP: 6/6
  1262 | D:2      | Reached skill level 3 in Stealth
  1293 | D:2      | Reached XP level 3. HP: 12/17 MP: 7/7
  1461 | D:2      | Noticed Terence
  1780 | D:2      | Found a radiant altar of Vehumet.
  1786 | D:2      | Noticed Natasha
  1804 | D:2      | Killed Natasha
  1805 | D:2      | Reached skill level 4 in Stealth
  1864 | D:2      | Reached XP level 4. HP: 15/21 MP: 8/8
  2216 | D:2      | Noticed Natasha
  2231 | D:2      | Killed Natasha
  2236 | D:2      | Noticed Natasha
  2245 | D:2      | Slain by Natasha
  2246 | D:2      | Reached XP level 3. HP: -4/17 MP: 7/7
  2360 | D:2      | Noticed Sigmund
  2567 | D:3      | Killed from afar by an orc priest

Illustrated notes

Levels and vault maps discovered:
D:1:      roderic_crop_circles_arrival_small, layout_loops_ring
D:2:      layout_basic, vehumet_crystals, general_overflow_altar,
          minmay_pentomino_x2, uniq_sigmund, uniq_natasha, uniq_terence
D:3:      layout_basic

Skill      XL: |  1  2  3 |
---------------+----------+-----
Stealth        | 2 3 4 |  4.7
Dodging        | 1 2 |  2.5
Fighting       | |  3.0
Unarmed Combat | |  2.9
Spellcasting   | |  2.0
Ice Magic      | |  1.0
Evocations     | |  1.1

Action                   |  1- 3 |  4- 6 || total
-------------------------+-------+-------++-------
Melee: Unarmed           |   140 |    25 ||   165
       Bite              |    15 |     1 ||    16
  Use: Potion            |     1 |       ||     1
 Stab: Sleeping          |     9 |     1 ||    10
Armor: Skin              |     9 |     1 ||    10
Dodge: Dodged            |    87 |    23 ||   110
